 Dungeon Sprint DCSS version 0.22-a0-136-g83a10e5898 (webtiles) character file.

315 Denreik the Fighter (level 6, -6/65 HPs)
             Began as a Formicid Fighter on Feb 3, 2018.
             Was a Believer of Cheibriados.
             Mangled by a manticore (9 damage)
             ... in the Dungeon (Sprint IX: "|||||||||||||||||||||||||||||").
             The game lasted 00:03:42 (621 turns).

Denreik the Fighter (Formicid Fighter)               Turns: 621, Time: 00:03:42

Health: -6/65      AC: 11    Str: 28    XL:     6   Next: 72%
Magic:  6/6        EV:  8    Int: 12    God:    Cheibriados [**....]
Gold:   0          SH: 11    Dex: 18    Spells: 5/5 levels left

rFire    . . .     SeeInvis +   a - +0 quarterstaff
rCold    . . .     Gourm    .   c - +0 shield
rNeg     . . .     Faith    .   r - +1 scale mail
rPois    .         Spirit   .   (helmet unavailable)
rElec    .         Reflect  .   (no cloak)
rCorr    .         Harm     .   s - +0 pair of gloves
MR       .....                  (no boots)
Stlth    ..........             (no amulet)
HPRegen  0.20/turn              t - +2 ring of protection
MPRegen  0.10/turn              u - +3 ring of dexterity

@: very slow
A: permanent stasis, dig shafts and tunnels, four strong arms, antennae 3
a: Dig, Bend Time, Renounce Religion


You were in the Dungeon.
You worshipped Cheibriados.
Cheibriados was pleased with you.
You were not hungry.

You visited 1 branch

Inventory:

Hand Weapons
 a - a +0 quarterstaff (weapon)
 q - a +2 dire flail of protection
Armour
 b - a +0 scale mail
 c - a +0 shield (worn)
 r - a +1 scale mail (worn)
 s - a +0 pair of gloves (worn)
Magical Staves
 p - an uncursed staff of energy
Jewellery
 t - a +2 ring of protection (left hand)
 u - a +3 ring of dexterity (right hand)
Wands
 o - a wand of iceblast (10)
Scrolls
 k - 2 scrolls of blinking
 m - 3 scrolls of remove curse
 n - 2 scrolls of amnesia
Potions
 d - a potion of might
 e - 5 potions of curing
 g - 2 potions of heal wounds
 h - a potion of haste
 i - 4 potions of magic
 j - a potion of berserk rage
 l - a potion of invisibility
Comestibles
 f - a ration


   Skills:
 - Level 12.4 Fighting
 - Level 7.0 Staves
 - Level 3.2 Armour
 * Level 3.6 Shields


You had 5 spell levels left.
You didn't know any spells.

Dungeon Overview and Level Annotations

Branches:
Dungeon (1/1)

Altars:
Cheibriados
Dithmenos
Elyvilon
Fedhas
Gozag
Hepliaklqana
Kikubaaqudgha
Makhleb
Nemelex Xobeh
Okawaru
Qazlal
Ru
Sif Muna
Trog
Uskayaw
Vehumet
Wu Jian
Xom
Yredelemnul
Zin
The Shining One
Beogh
Jiyva
Lugonu


Innate Abilities, Weirdness & Mutations

You cannot be hasted, slowed, berserked, paralysed or teleported.
You can dig through walls and to a lower floor.
Your four strong arms can wield two-handed weapons with a shield.
You have a pair of large antennae on your head. (SInv)


Message History

You block the manticore's attack. x2
You hit the manticore.
The manticore is moderately wounded.
The worker ant waves its antennae.
The manticore bites you but does no damage.
You block the manticore's attack. x2
You closely miss the manticore.
The manticore is moderately wounded.
The manticore bites you!
* * * LOW HITPOINT WARNING * * *
You block the manticore's attack. The manticore barely misses you.
You sock the manticore!
The manticore is heavily wounded.
You block the manticore's attack. The manticore claws you.
* * * LOW HITPOINT WARNING * * *
The manticore claws you but does no damage.
You closely miss the manticore.
The manticore is heavily wounded.
The manticore bites you!
You die...

▓.▓
▓(▓
▓)▓
▓)▓
▓.▓
▓.▓
▓.▓
▓.▓
▓@▓
▓H▓
▓J▓
▓Y▓
▓c▓
▓a▓
▓H▓
▓+▓


You could see a slime creature, a centaur warrior, a manticore, a hippogriff, a
sky beast (invisible) and a worker ant.

Vanquished Creatures
  A wraith (D)
  A centaur (D)
  A wight (D)
  3 adders (D)
  2 shadow imps (D)
  An orc (D)
  A bat skeleton (D)
  A goblin (D)
  A hobgoblin (D)
  2 kobolds (D)
  A quokka (D)
  A rat (D)
16 creatures vanquished.

Notes
Turn   | Place    | Note
-------+----------+-------------------------------------------
     0 | D        | Denreik the Formicid Fighter began the quest for the Orb.
     0 | D        | Reached XP level 1. HP: 18/18 MP: 1/1
    37 | D        | Reached XP level 2. HP: 21/24 MP: 2/2
    42 | D        | Reached skill level 5 in Staves
    47 | D        | Reached XP level 3. HP: 15/29 MP: 3/3
   291 | D        | Found a roughly hewn altar of Beogh.
   291 | D        | Found a snail-covered altar of Cheibriados.
   291 | D        | Found a shadowy altar of Dithmenos.
   291 | D        | Found a white marble altar of Elyvilon.
   291 | D        | Found a blossoming altar of Fedhas.
   291 | D        | Found an opulent altar of Gozag.
   292 | D        | Found a hazy altar of Hepliaklqana.
   293 | D        | Found a viscous altar of Jiyva.
   294 | D        | Found an ancient bone altar of Kikubaaqudgha.
   295 | D        | Became a worshipper of Cheibriados the Contemplative
   296 | D        | Found a corrupted altar of Lugonu.
   297 | D        | Found a burning altar of Makhleb.
   298 | D        | Found a sparkling altar of Nemelex Xobeh.
   299 | D        | Found an iron altar of Okawaru.
   300 | D        | Found a stormy altar of Qazlal.
   301 | D        | Found a sacrificial altar of Ru.
   302 | D        | Found a deep blue altar of Sif Muna.
   303 | D        | Found a bloodstained altar of Trog.
   304 | D        | Found a hide-covered altar of Uskayaw.
   305 | D        | Found a radiant altar of Vehumet.
   306 | D        | Found an ornate altar of the Wu Jian Council.
   307 | D        | Found a shimmering altar of Xom.
   308 | D        | Found a basalt altar of Yredelemnul.
   309 | D        | Found a glowing silver altar of Zin.
   310 | D        | Found a glowing golden altar of the Shining One.
   370 | D        | Noticed a wight
   370 | D        | Noticed a wraith
   370 | D        | Noticed a centaur
   372 | D        | Reached skill level 4 in Fighting
   372 | D        | Reached XP level 4. HP: 36/37 MP: 4/4
   379 | D        | Reached * piety under Cheibriados
   379 | D        | Reached skill level 6 in Fighting
   410 | D        | Killed a wraith
   410 | D        | Reached skill level 11 in Fighting
   410 | D        | Reached XP level 5. HP: 35/55 MP: 5/5
   410 | D        | Reached XP level 6. HP: 40/62 MP: 6/6
   411 | D        | Reached ** piety under Cheibriados
   421 | D        | Reached skill level 12 in Fighting
   613 | D        | Noticed a manticore
   613 | D        | Noticed a sky beast
   613 | D        | Noticed a slime creature
   613 | D        | Noticed a centaur warrior
   613 | D        | Noticed a hippogriff
   619 | D        | HP: 3/65 [manticore (9)]
   621 | D        | Mangled by a manticore

Vault maps used:
D:        linesprint

Skill      XL: |  1  2  3  4  5  6 |
---------------+-------------------+-----
Staves         | 4 6 7 |  7.0
Fighting       | 4 11 12 | 12.4
Armour         | |  3.2
Shields        | |  3.6

Action                   |  1- 3 |  4- 6 || total
-------------------------+-------+-------++-------
Melee: Quarterstaff      |    37 |    52 ||    89
  Use: Potion            |       |     1 ||     1
Armor: Scale mail        |    10 |    13 ||    23
Dodge: Dodged            |     6 |    10 ||    16
Block: Shield            |    11 |    29 ||    40

Table legend:
 A = Spawn XP
 B = Non-spawn XP
 C = Spawn XP percentage of total XP
 D = Spawn monster count
 E = Non-spawn monster count
 F = Spawn count percentage of total count
 G = Total turns spent on level
                    A         B        C        D         E        F      G
               +---------+---------+-------+---------+---------+-------+---------
         Total |       0 |     450 |   0.0 |       0 |      16 |   0.0 |   621
               +---------+---------+-------+---------+---------+-------+---------
             D |       0 |     450 |   0.0 |       0 |      16 |   0.0 |   621
               +---------+---------+-------+---------+---------+-------+---------
